 Dungeon Crawl Stone Soup version 0.32-a0-818-gb728d0252e (webtiles) character file.

Game seed: 45833837871989531

9578 runemasterragnar the Skirmisher (level 11, -1/84 HPs)
             Began as a Coglin Hunter on Mar 24, 2024.
             Was a High Priest of Okawaru.
             Slain by an ice devil (23 damage)
             ... on level 1 of the Lair of Beasts.
             The game lasted 00:15:08 (12324 turns).

runemasterragnar the Skirmisher (Coglin Hunter)    Turns: 12324, Time: 00:15:08

Health: -1/84      AC:  5    Str: 11    XL:     11   Next: 48%
Magic:  14/14      EV: 15    Int:  9    God:    Okawaru [*****.]
Gold:   781        SH:  0    Dex: 22    Spells: 10/10 levels left

rFire   . . .        a - +2 sling {Yejun}
rCold   . . .        d - +0 sling {Alejandra}
rNeg    . . .        c - +1 leather armour
rPois   .            (no helmet)
rElec   .            (no cloak)
rCorr   .            (no gloves)
SInv    .            w - +0 pair of boots
Will    .....        (amulet unavailable)
Stlth   ++++         (ring unavailable)
HPRegen 0.34/turn    (ring unavailable)
MPRegen 0.14/turn    (no gizmo)

%: no passive effects
@: no status effects
A: off-hand wielding, slow wielding, warmup strikes, no jewellery
a: Invent Gizmo, Renounce Religion, Heroism, Finesse, Duel


You were on level 1 of the Lair of Beasts.
You worshipped Okawaru.
Okawaru was extremely pleased with you.
You visited 4 branches of the dungeon, and saw 14 of its levels.

You collected 928 gold pieces.
You spent 147 gold pieces at shops.

Inventory:

Hand Weapons
 a - a +2 sling (weapon) {Yejun}
 d - a +0 sling (offhand) {Alejandra}
Armour
 c - a +1 leather armour (worn)
 w - a +0 pair of boots (worn)
Wands
 i - a wand of mindburst (6)
 v - a wand of digging (2)
 E - a wand of flame (15)
Scrolls
 b - a scroll of butterflies
 f - 2 scrolls of enchant armour
 g - a scroll of fear
 h - 2 scrolls of brand weapon {unknown}
 k - 3 scrolls of teleportation
 q - 4 scrolls of noise
 r - 3 scrolls of poison {unknown}
 t - 4 scrolls of silence
 u - 3 scrolls of amnesia
 x - a scroll of torment
 y - 2 scrolls of enchant weapon {unknown}
 C - a scroll of vulnerability {unknown}
 D - a scroll of fog
 G - a scroll of immolation {unknown}
Potions
 e - 2 potions of heal wounds
 j - a potion of might {unknown}
 l - 3 potions of attraction
 m - a potion of curing
 n - 3 potions of mutation
 o - 2 potions of brilliance
 p - 2 potions of berserk rage
 s - 2 potions of lignification
 z - 2 potions of invisibility {unknown}
 A - a potion of magic {unknown}
 B - a potion of enlightenment


   Skills:
 + Level 7.6 Fighting
 * Level 10.0 Ranged Weapons
 + Level 6.9 Dodging
 + Level 6.5 Stealth
 + Level 4.2 Invocations
 + Level 6.8 Evocations


You had 10 spell levels left.
You didn't know any spells.
Your spell library contained the following spells:

 Spells                   Type           Power      Damage    Failure   Level
 Frozen Ramparts          Ice            0%         1d1       85%         3
 Ozocubu's Armour         Ice            0%         N/A       85%         3
 Stone Arrow              Conj/Erth      0%         3d7       85%         3
 Metabolic Englaciation   Hex/Ice        0%         N/A       100%        5
 Lehudib's Crystal Spear  Conj/Erth      0%         10d2      100%        8
 Animate Armour           Summ/Erth      Unusable   N/A       N/A         4

Dungeon Overview and Level Annotations

Branches:
Dungeon (11/15)            Temple (1/1) D:6            Lair (1/5) D:8
    Orc (1/2) D:10

Altars:
Ashenzari
Cheibriados
Dithmenos
Elyvilon
Fedhas
Gozag
Hepliaklqana
Kikubaaqudgha
Makhleb
Nemelex Xobeh
Okawaru
Qazlal
Ru
Sif Muna
Trog
Uskayaw
Vehumet
Wu Jian
Xom
Yredelemnul
Zin
The Shining One

Shops:
D:7 [   D:8 =!*   D:10 =(*?

Portals:
Ice
Cave: Lair:1


Innate Abilities, Weirdness & Mutations

You can wield a second weapon in your off-hand.
It takes a long time for you to wield or remove held weapons.
Your first few attacks do less damage.
You cannot equip rings or amulets.


Message History

You shoot a sling bullet. The sling bullet hits the ice devil.
The ice devil is moderately wounded.
Unknown command.
You shoot a sling bullet.
The sling bullet closely misses the ice devil.
You shoot a sling bullet.
The sling bullet completely misses the ice devil.
Aiming: Throw Flame
Press: ? - help, Shift-Dir - straight line, f/p - ice devil
Aim: an ice devil (moderately wounded, 74% to hit)
The puff of flame hits the ice devil.
The ice devil is burned terribly!
The ice devil is moderately wounded.
The ice devil barely misses you.
Unknown command.
Aiming: Throw Flame
Press: ? - help, Shift-Dir - straight line, f/p - ice devil
Aim: an ice devil (moderately wounded, 74% to hit)
The puff of flame hits the ice devil but does no damage.
The ice devil is moderately wounded.
Unknown command.
Unknown command.
Okay, then.
The ice devil attacks as it pursues you!
The ice devil closely misses you.
Aiming: Throw Flame
Press: ? - help, Shift-Dir - straight line, f/p - ice devil
Aim: an ice devil (moderately wounded, 74% to hit)
The puff of flame hits the ice devil!
The ice devil is burned terribly!
The ice devil is heavily wounded.
Unknown command.
You open the door. The ice devil hits you! The ice devil freezes you!
The ice devil hits you! The ice devil freezes you!!
The ice devil attacks as it pursues you!
The ice devil hits you but does no damage.
There is an open door here.
The ice devil attacks as it pursues you!
The ice devil hits you!
* * * LOW HITPOINT WARNING * * *
The ice devil freezes you!!
You die...

***,,,,,,*#.......###.#..........
***,,,,,***#......###............
,,,,,,,,* #..##.......#......^..
******,,* *#..#......##.........
*,,** #........####........ *,,,*
##..4.....###......... ** **,,**
#....#...##.#..#......
,****,,,***####4#'#####.#......##
,**,*,,,,,*** #.@.# ##..##......#
,,,,,,**,,,,* ##.## #....#.#.....
,,,,*,*,*,,,***#.#**#....###.....
,,********,,**,...,*#.....P..=...
*,** *,,**.....*##...........
,,,* *,,**.....*##.......#*#.
,,,** *,,*#..∩..##......### *#
**,,** **,,*########..#...# ##
**,,,****,,*********#..##..#####.


You could see 2 ice devils.

Vanquished Creatures
  2 two-headed ogres
  An orc high priest (Orc:1)
  Sonja (D:11)
  Jeremiah (D:7)
  Psyche (D:11)
  A hornet (D:11)
  A troll (D:10)
  4 yaks (D:7)
  A basilisk (Lair:1)
  A wraith (D:11)
  A steam dragon (D:8)
  Menkaure (D:7)
  An acid dragon (D:10)
  3 water moccasins
  3 black bears
  4 orc warriors
  3 ice beasts
  A sky beast (D:8)
  3 ogres
  3 centaurs
  2 kobold brigands (D:10)
  A phantom (D:5)
  2 gnoll sergeants
  5 bullfrogs
  2 scorpions
  14 wights
  11 killer bees (D:9)
  7 howler monkeys
  A bombardier beetle (D:7)
  12 orc priests
  2 jellies
  A gnoll bouda (D:3)
  2 hounds (D:5)
  A sleepcap (D:6)
  An iguana (D:4)
  10 orc wizards
  8 gnolls
  3 adders
  A shadow imp (D:7)
  A white imp (D:4)
  2 ufetubi (D:5)
  2 ribbon worms (D:3)
  59 orcs
  6 ball pythons
  8 bats
  6 endoplasms
  A giant cockroach (D:2)
  4 goblins
  11 hobgoblins
  22 kobolds
  4 quokkas
  4 frilled lizards
  4 rats
257 creatures vanquished.

Vanquished Creatures (others)
  An orc wizard (D:8)
1 creature vanquished.

Grand Total: 258 creatures vanquished

Notes
Turn   | Place    | Note
-------+----------+-------------------------------------------
     0 | D:1      | runemasterragnar the Coglin Hunter began the quest for the
                  | Orb.
     0 | D:1      | Reached XP level 1. HP: 16/16 MP: 1/1
    51 | D:1      | Reached skill level 1 in Stealth
    94 | D:1      | Reached XP level 2. HP: 22/22 MP: 2/2
   615 | D:2      | Reached XP level 3. HP: 27/27 MP: 3/3
   643 | D:2      | You fall into a shaft and drop 2 floors!
   699 | D:2      | Reached skill level 4 in Ranged Weapons
   799 | D:2      | Found a faded altar of an unknown god.
  1228 | D:3      | Noticed a black bear
  1237 | D:3      | Killed a black bear
  1238 | D:3      | Reached XP level 4. HP: 18/34 MP: 4/4
  1238 | D:3      | Reached XP level 5. HP: 22/40 MP: 5/5
  2274 | D:4      | Found a basalt altar of Yredelemnul.
  2304 | D:4      | Reached XP level 6. HP: 25/47 MP: 6/6
  2501 | D:4      | Noticed a black bear
  2506 | D:4      | Killed a black bear
  2507 | D:4      | Reached skill level 5 in Ranged Weapons
  3088 | D:4      | Identified the +9 quarterstaff of the Globe {protect, Fly
                  | Stlth+}
  3233 | D:5      | Entered Level 5 of the Dungeon
  3247 | D:5      | Reached XP level 7. HP: 53/53 MP: 7/7
  3298 | D:5      | Found a sacrificial altar of Ru.
  3299 | D:5      | Found a burning altar of Makhleb.
  3369 | D:5      | Reached skill level 6 in Ranged Weapons
  3569 | D:5      | Reached XP level 8. HP: 61/61 MP: 8/8
  3659 | D:5      | Found a snail-covered altar of Cheibriados.
  3660 | D:5      | Found a radiant altar of Vehumet.
  4328 | D:6      | HP: 3/61 [poisoned by a water moccasin]
  4674 | D:6      | Reached skill level 5 in Fighting
  4674 | D:6      | Reached skill level 7 in Ranged Weapons
  4675 | D:6      | Found a staircase to the Ecumenical Temple.
  4738 | Temple   | Entered the Ecumenical Temple
  4766 | Temple   | Became a worshipper of Warmaster Okawaru
  4935 | D:6      | Reached skill level 1 in Evocations
  4997 | D:6      | Reached XP level 9. HP: 68/68 MP: 9/9
  5007 | D:6      | Reached skill level 1 in Invocations
  5457 | D:7      | Reached * piety under Okawaru
  5458 | D:7      | Reached skill level 5 in Dodging
  5557 | D:7      | Noticed Menkaure
  5563 | D:7      | Killed Menkaure
  5847 | D:7      | Found a snail-covered altar of Cheibriados.
  5847 | D:7      | Found Cheibriados's Comfort Zone.
  6122 | D:7      | Noticed Jeremiah
  6151 | D:7      | Killed Jeremiah
  6152 | D:7      | Reached skill level 8 in Ranged Weapons
  6185 | D:7      | Reached skill level 5 in Stealth
  6192 | D:7      | Reached ** piety under Okawaru
  6201 | D:7      | Reached XP level 10. HP: 19/76 MP: 11/11
  6918 | D:8      | Found Acvu's Jewellery Boutique.
  7396 | D:8      | Found a staircase to the Lair.
  7494 | D:8      | Found Guadwoet's Distillery.
  7499 | D:8      | Bought a potion of lignification for 30 gold pieces
  7499 | D:8      | Bought a potion of enlightenment for 50 gold pieces
  7745 | D:8      | Found Beako's General Store.
  7751 | D:8      | Bought a scroll of noise for 12 gold pieces
  7751 | D:8      | Bought a scroll of identify for 24 gold pieces
  8243 | D:9      | Reached skill level 5 in Evocations
  8308 | D:9      | Found a white marble altar of Elyvilon.
  8309 | D:9      | Found a glowing silver altar of Zin.
  8316 | D:9      | Found a glowing golden altar of the Shining One.
  8566 | D:9      | Reached *** piety under Okawaru
  8735 | D:9      | Reached skill level 9 in Ranged Weapons
  8865 | D:9      | Noticed a two-headed ogre
  8869 | D:9      | Killed a two-headed ogre
  9132 | D:10     | Entered Level 10 of the Dungeon
  9157 | D:10     | Found Tanitirgh's Magic Scroll Boutique.
  9416 | D:10     | Found a staircase to the Orcish Mines.
  9970 | D:10     | Found Gokugy's Assorted Antiques.
  9976 | D:10     | Bought a scroll labelled EKARCH YLOT for 31 gold pieces
 10020 | D:10     | Reached XP level 11. HP: 42/84 MP: 13/13
 10242 | D:10     | Found Bozint's Jewellery Shop.
 10284 | D:10     | Found Ukeoffo's Weapon Shoppe.
 10396 | D:10     | Noticed a two-headed ogre
 10404 | D:10     | Killed a two-headed ogre
 10404 | D:10     | Reached **** piety under Okawaru
 10889 | D:11     | Noticed Psyche
 10898 | D:11     | Killed Psyche
 11293 | D:11     | Noticed Sonja
 11298 | D:11     | Killed Sonja
 11298 | D:11     | Reached ***** piety under Okawaru
 11524 | D:11     | Noticed a brown ugly thing
 11821 | Orc:1    | Entered Level 1 of the Orcish Mines
 12009 | Orc:1    | Noticed an orc high priest
 12010 | Orc:1    | Noticed a soul eater
 12016 | Orc:1    | Killed an orc high priest
 12017 | Orc:1    | Reached skill level 10 in Ranged Weapons
 12233 | Lair:1   | Entered Level 1 of the Lair of Beasts
 12311 | Lair:1   | Found a frozen archway.
 12324 | Lair:1   | Slain by an ice devil

Illustrated notes

Levels and vault maps discovered:
D:1:      dpeg_arrival_windows_large_door, layout_rooms
D:2:      layout_loops_ring, shapermc_ecumenical_altar_mp_vishouse,
          minmay_pentomino_z2
D:3:      minmay_thinvault, layout_loops_ring
D:4:      layout_loops_cross, amcnicky_altar_gilded, serial_forest,
          infiniplex_forest_lined_corner, infiniplex_forest_clump_tiny,
          infiniplex_forest_zigzag_1, infiniplex_forest_corner_2,
          infiniplex_forest_zigzag_1, infiniplex_forest_lined_3_way,
          nrook_campfire
D:5:      layout_basic, nicolae_overflow_macrodata_refinement, hex_intersection
D:6:      layout_gridville, minmay_temple_entry_stoned_glass
D:7:      layout_cave_pods, minmay_shop_chei, uniq_menkaure, uniq_jeremiah
D:8:      layout_loops_cross, lair_entry_dummy, serial_shops, shop,
          nicolae_shop_gaudy_bauble, kennysheep_little_box
D:9:      layout_loops_corners, dreamdust_divine_triumvirate,
          minmay_door_square, minivault_7
D:10:     layout_basic, hiddenorc2_lemuel, serial_shops, nicolae_shop_trees,
          nicolae_shop_hallway_plus, nicolae_shop_tiny_statue_garden,
          nicolae_shop_peninsula
D:11:     layout_loops_ring, uniq_sonja, uniq_psyche
Temple:   nicolae_temple_superstar
Lair:1:   layout_layer_cave, portal_ice_cave_demonic_guard, basic_altar,
          st_stairs_10, eino_small_chamber_without_monster, beast_lair_carwin_5
Orc:1:    emtedronai_trogs_sanctum, layout_diamond_mine, basic_altar,
          regret_index_minedec_devilstone

Skill      XL: |  1  2  3  4  5  6  7  8  9 10 11 |
---------------+----------------------------------+-----
Stealth        | 1 2 3 4 5 6 |  6.5
Dodging        | 2 3 4 5 6 |  6.9
Ranged Weapons | 4 5 6 7 8 9 10 | 10.0
Fighting       | 3 4 5 6 7 |  7.6
Evocations     | 1 4 5 6 |  6.8
Invocations    | 2 3 4 |  4.2

Action                     |  1- 3 |  4- 6 |  7- 9 | 10-12 || total
---------------------------+-------+-------+-------+-------++-------
  Melee: Sling             |       |       |       |     6 ||     6
   Fire: Sling             |   148 |   216 |   458 |   922 ||  1744
  Evoke: Wand              |       |       |     7 |    27 ||    34
    Use: Scroll            |       |     5 |     4 |     8 ||    17
         Potion            |       |     1 |       |     4 ||     5
 Armour: Leather armour    |    13 |    24 |    85 |   130 ||   252
         Skin              |       |       |       |    31 ||    31
  Dodge: Dodged            |    14 |    20 |    77 |   121 ||   232

Table legend: (Time is in decaauts)
 A = Elapsed time spent in this place.
 B = Non-inter-level travel time spent in this place.
 C = Inter-level travel time spent in this place.
 D = Time resting spent in this place.
 E = Time spent auto-exploring this place.
 F = Levels seen in this place.
 G = Mean time per level.
                   A        B        C        D        E       F      G
               +--------+--------+--------+--------+--------+-----+--------+
         Total |  12395 |  11917 |    478 |   3441 |   6786 |  14 |  885.4 |
       Dungeon |  11918 |  11515 |    403 |   3348 |   6652 |  11 | 1083.5 |
        Temple |     41 |      1 |     40 |      0 |      0 |   1 |   41.0 |
          Lair |     90 |     90 |      0 |      0 |      0 |   1 |   90.0 |
  Orcish Mines |    345 |    311 |     34 |     93 |    134 |   1 |  345.0 |
               +--------+--------+--------+--------+--------+-----+--------+

Top non-repeatable levels by time:
    D:10: 1815 daAuts
     D:7: 1455 daAuts
     D:9: 1451 daAuts
     D:3: 1153 daAuts
     D:6: 1151 daAuts
     D:8: 1052 daAuts
     D:5: 1043 daAuts
     D:4: 1034 daAuts
    D:11: 678 daAuts
     D:2: 672 daAuts
     D:1: 408 daAuts
   Orc:1: 345 daAuts
  Lair:1: 90 daAuts
  Temple: 41 daAuts
